 Dungeon Crawl Stone Soup version 0.16.0-1-gbc1383b (console) character file.

15 gw the Chucker (level 2, 0/15 HPs)
             Began as a Spriggan Hunter on Mar 14, 2015.
             Slain by a gnoll
             ... wielding a +0 halberd
              (9 damage)
             ... on level 1 of the Dungeon.
             The game lasted 00:01:27 (564 turns).

gw the Chucker (Spriggan Hunter)                     Turns: 564, Time: 00:01:27

Health: 0/15       AC:  2    Str:  8    XL:     2   Next: 34%
Magic:  4/4        EV: 19    Int: 12    God:
Gold:   61         SH:  0    Dex: 16    Spells: 0 memorised, 1 level left

rFire  . . .     SeeInvis +     a - +0 short sword
rCold  . . .     Clarity  .     d - +0 animal skin
rNeg   . . .     SustAb   .     (shield restricted)
rPois  .         Gourm    .     (helmet restricted)
rElec  .         Spirit   .     (no cloak)
rCorr  .         Warding  .     (gloves unavailable)
rMut   .         Stasis   .     (boots unavailable)
MR     .....                    (no amulet)
Stlth  ++........               (no ring)
                                (no ring)

@: very quick, not resistant to hostile enchantments, unstealthy
A: unfitting armour, see invisible, herbivore 3, speed 3, slow metabolism 2
a: no special abilities


You were on level 1 of the Dungeon.
You were not hungry.

You visited 1 branch of the dungeon, and saw 1 of its levels.

You collected 61 gold pieces.

Inventory:

Hand weapons
 a - a +0 short sword (weapon)
Missiles
 b - 10 tomahawks (quivered)
 c - 2 throwing nets
 g - 72 stones
Armour
 d - a +0 animal skin (worn)
Scrolls
 e - a scroll of fear {unknown}
 h - a scroll of teleportation {unknown}
 i - a scroll of enchant armour {unknown}
 k - a scroll of enchant weapon {unknown}
Potions
 j - a potion of cure mutation {unknown}
 l - a potion of cancellation {unknown}
Comestibles
 f - a bread ration


   Skills:
 + Level 1.7 Fighting
 + Level 1.0 Short Blades
 - Level 4.3 Throwing
 + Level 3.9 Dodging
 - Level 1.5 Stealth


You had one spell level left.
You didn't know any spells.

Dungeon Overview and Level Annotations

Branches:
Dungeon (1/15)

Altars:


Innate Abilities, Weirdness & Mutations

You are tiny and cannot use many weapons and most armour.
You have supernaturally acute eyesight.
You are a herbivore.
You cover ground extremely quickly.
You need consume almost no food.


Message History

Unknown command.
Unknown command.
ATTACK MOVE TO (-1,1)
You hit the gnoll but do no damage. The gnoll hits you with a halberd.
Unknown command.
Unknown command.
Unknown command.
Unknown command.
ATTACK MOVE TO (-1,1)
You hit the gnoll but do no damage.
Unknown command.
Unknown command.
Unknown command.
Unknown command.
ATTACK MOVE TO (-1,1)
You hit the gnoll!
The gnoll is severely wounded.
The gnoll hits you with a halberd!
Ouch! That really hurt!
You die...

###### #.##'###'### ######....##
#.#...#...#P ....##.##..#####
#.#...#...#. ###.##.###.....#
####.##########
........######.####..............
#######..........................
# ###########.^..........#.#
###.........#......#
#..i.......#..####.#
..[....g###.....#..#
####..#........#..# # #..
##.#....# .. #.. ##......# ..
.... ##.....#.# .. #. ##...####.#
.. # . #....# #.# .. .. #. #..>##
#.#


You could see a gnoll.

Table legend:
 A = Turns spent in this place as a percentage of turns spent in the entire game.
 B = Non-inter-level travel turns spent in this place as a percentage of non-inter-level travel turns spent in the entire game.
 C = Inter-level travel turns spent in this place as a percentage of turns spent in this place.
 D = Turns resting spent in this place as a percentage of non-inter-level travel turns spent in this place.
 E = Turns spent auto-exploring this place as a percentage of non-inter-level travel turns spent in this place.
 F = Non-inter-level travel turns spent in this place divided by the number of levels of this place that you've seen.
                   A       B       C       D       E      F
               +-------+-------+-------+-------+-------+----------------------
         Total | 100.0 | 100.0 |   0.0 |   0.7 |   2.3 | 1161.0
       Dungeon | 100.0 | 100.0 |   0.0 |   0.7 |   2.3 | 1161.0
               +-------+-------+-------+-------+-------+----------------------

Table legend:
 A = Kills in this place as a percentage of kills in entire the game.
 B = Kills by you in this place as a percentage of kills by you in the entire game.
 C = Kills by friends in this place as a percentage of kills by friends in the entire game.
 D = Other kills in this place as a percentage of other kills in the entire game.
 E = Experience gained in this place as a percentage of experience gained in the entire game.
 F = Experience gained in this place divided by the number of levels of this place that you have seen.
                   A       B       C       D       E      F
               +-------+-------+-------+-------+-------+----------------------
         Total | 100.0 | 100.0 |  -nan |  -nan | 100.0 |  22.0
       Dungeon | 100.0 | 100.0 |  -nan |  -nan | 100.0 |  22.0
               +-------+-------+-------+-------+-------+----------------------

Vanquished Creatures
  2 goblins (D:1)
  2 hobgoblins (D:1)
  4 jackals (D:1)
  A bat (D:1)
  A giant gecko (D:1)
  6 rats (D:1)
16 creatures vanquished.

Notes
Turn   | Place    | Note
--------------------------------------------------------------
     0 | D:1      | gw, the Spriggan Hunter, began the quest for the Orb.
     0 | D:1      | Reached XP level 1. HP: 10/10 MP: 2/2
   246 | D:1      | Reached XP level 2. HP: 9/15 MP: 4/4
   559 | D:1      | Reached skill level 1 in Short Blades
   564 | D:1      | Slain by a gnoll

Action                   || total
-------------------------++-------
Melee: Short sword       ||    48

Vault maps used:
D:1:      dpeg_arrival_prison
